 Dungeon Crawl Stone Soup version 0.31.0-9-g3a7656b989 (webtiles) character file.

Game seed: 10481504301418868217

1869230 kuniqs the Impregnable (level 27, 160/160 HPs)
             Began as a Vine Stalker Berserker on Feb 1, 2024.
             Was a Follower of Uskayaw.
             Escaped with the Orb
             ... and 3 runes!
             The game lasted 01:53:08 (57467 turns).

kuniqs the Impregnable (Vine Stalker Berserker)    Turns: 57467, Time: 01:53:08

Health: 160/160    AC: 53    Str: 29    XL:     27
Magic:  39/39      EV: 17    Int:  5    God:    Uskayaw [*.....]
Gold:   3805       SH: 29    Dex: 14    Spells: 26/26 levels left

rFire   + + .        K - +9 quick blade (protect)
rCold   + . .        R - +8 tower shield {reflect}
rNeg    + + .        O - +6 crystal plate armour "Akam" {rElec rCorr Str-4}
rPois   +            o - +0 helmet of Transparent Surprise {rPois Str+3 Int-2}
rElec   +            X - +1 cloak of Starlight {*Dazzle EV+4 Stlth--}
rCorr   +            L - +2 pair of gloves {Stlth+}
SInv    +            w - +2 pair of boots {Stlth+}
Will    +++..        u - amulet of Qeziafaz {Fly rElec rF+ Regen+ Slay+3} Stlth
                     g - ring "Ihaerphe" {rF+ rN++ Dex-5 SInv}
HPRegen 2.06/turn    y - ring of Qeinega {rC+ AC+4 Dex+3}
MPRegen 0.26/turn

%: reflection, clarity, guardian spirit
@: flying
A: fangs 3, regeneration 1, magic shield, antimagic bite, no potion heal 2,
hooves 1, clarity, clumsy 1
0: Orb of Zot
}: 3/15 runes: serpentine, barnacled, silver
a: Renounce Religion, Stomp


You escaped.
You worshipped Uskayaw.
Uskayaw was greatly pleased with you.
You visited 11 branches of the dungeon, and saw 51 of its levels.
You visited 1 bazaar.
You also visited: Ice Cave.

You collected 10472 gold pieces.
You spent 6667 gold pieces at shops.

Inventory:

Hand Weapons
 a - a +3 quick blade of flaming
 n - the +9 spear "Zewaav" {elec, rElec rC- Str+3}
   (You took it off a deep elf elementalist on level 3 of the Elven Halls)

   Str+3:     It affects your strength (+3).
   rC-:       It makes you vulnerable to cold.
   rElec:     It insulates you from electricity.
 K - a +9 quick blade of protection (weapon)
 Z - a +5 antimagic quick blade
Missiles
 q - 7 throwing nets (quivered)
Armour
 o - the +0 helmet of Transparent Surprise (worn) {rPois Str+3 Int-2}
   (You found it on level 5 of the Vaults)

   Str+3:     It affects your strength (+3).
   Int-2:     It affects your intelligence (-2).
   rPois:     It protects you from poison
 w - a +2 pair of boots of stealth (worn)
 L - a +2 pair of gloves of stealth (worn)
 O - the +6 crystal plate armour "Akam" (worn) {rElec rCorr Str-4}
   (You acquired it on level 15 of the Dungeon)

   Str-4:     It affects your strength (-4).
   rElec:     It insulates you from electricity.
   rCorr:     It protects you from acid and corrosion.
 R - a +8 tower shield of reflection (worn)
 X - the +1 cloak of Starlight (worn) {*Dazzle EV+4 Stlth--}
   (You found it on level 3 of the Snake Pit)

   *Dazzle:   It may blind those who miss an attack against the wearer in melee
   combat.
   EV+4:      It affects your evasion (+4).
   Stlth--:   It makes you much less stealthy.
Jewellery
 g - the ring "Ihaerphe" (left hand) {rF+ rN++ Dex-5 SInv}
   (You bought it in a shop on level 3 of the Elven Halls)

   [ring of protection from fire]

   Dex-5:     It affects your dexterity (-5).
   rF+:       It protects you from fire.
   rN++:      It greatly protects you from negative energy.
   SInv:      It lets you see invisible.
 m - the ring of the Falcon {rPois Will+ Str+2}
   (You found it on level 2 of the Crypt)

   [ring of poison resistance]

   Str+2:     It affects your strength (+2).
   rPois:     It protects you from poison Will+: It increases your willpower.
 u - the amulet of Qeziafaz (around neck) {Fly rElec rF+ Regen+ Slay+3}
   (You found it on level 3 of the Crypt)

   [amulet of regeneration]

   Slay+3:    It affects your accuracy & damage with ranged weapons and melee
   (+3).
   rF+:       It protects you from fire.
   rElec:     It insulates you from electricity.
   Fly:       It grants you flight.
   Regen+:    It increases your rate of health regeneration.
 y - the ring of Qeinega (right hand) {rC+ AC+4 Dex+3}
   (You found it on level 3 of the Realm of Zot)

   [ring of protection]

   AC+4:      It affects your AC (+4).
   Dex+3:     It affects your dexterity (+3).
   rC+:       It protects you from cold.
Wands
 I - a wand of quicksilver (14)
 J - a wand of iceblast (49)
 P - a wand of digging (6)
Scrolls
 b - 10 scrolls of poison
 d - 10 scrolls of immolation
 e - 5 scrolls of silence
 j - 13 scrolls of fog
 v - 7 scrolls of blinking
 C - 19 scrolls of teleportation
 D - a scroll of revelation
 F - 9 scrolls of fear
 G - 2 scrolls of enchant weapon
 W - 3 scrolls of butterflies
Potions
 f - a potion of cancellation
 h - 8 potions of mutation
 i - 6 potions of enlightenment
 r - 26 potions of curing {@q1}
 s - 9 potions of haste
 t - 6 potions of attraction
 z - 4 potions of invisibility
 M - 7 potions of berserk rage
 T - 2 potions of resistance
 U - 8 potions of might
 Y - 2 potions of magic
Miscellaneous
 k - a lightning rod (4/4)
 p - a tin of tremorstones (2/2)
 Q - a phantom mirror


   Skills:
 - Level 21.5 Fighting
 - Level 14.0 Short Blades
 + Level 25.4 Armour
 - Level 15.1 Dodging
 - Level 8.0 Stealth
 - Level 20.0 Shields
 - Level 22.0 Invocations
 - Level 5.0 Evocations


You had 26 spell levels left.
You didn't know any spells.
Your spell library was empty.

Dungeon Overview and Level Annotations

Branches:
Dungeon (15/15)            Temple (1/1) D:7            Lair (5/5) D:11
 Shoals (4/4) Lair:3        Snake (4/4) Lair:3        Slime (0/5) Lair:5
    Orc (2/2) D:10            Elf (3/3) Orc:2        Vaults (5/5) D:13
  Crypt (3/3) Vaults:2       Tomb (0/3) Crypt:3      Depths (4/4) D:15
    Zot (5/5) Depths:4      IceCv (visited)

Altars:
Ashenzari
Cheibriados
Dithmenos
Elyvilon
Fedhas
Gozag
Hepliaklqana
Kikubaaqudgha
Makhleb
Nemelex Xobeh
Okawaru
Qazlal
Ru
Sif Muna
Trog
Uskayaw
Vehumet
Wu Jian
Xom
Yredelemnul
Zin
The Shining One

Shops:
D:13 *   D:14 *   Orc:1 :   Orc:2 (*[=(   Elf:3 =!   Shoals:2 (   Shoals:4 (
Snake:1 (=!(   Snake:3 ?   Snake:4 ?*   Vaults:2 =!=   Vaults:3 ((   Depths:1 (

Portals:
Hell: Depths:1 Depths:2 Depths:3 Depths:4
Abyss: Depths:2 Depths:3
Pandemonium: Depths:1 Depths:2
Ziggurat: Depths:3

Annotations:
D:10 2 transporters, Anriel's ghost, novice DgCj
Snake:1 1 runed translucent door, beef's ghost, adept HOBe
Zot:4 2 transporters
Zot:5 1 runed translucent door, temujin's ghost, legendary DjAl


Innate Abilities, Weirdness & Mutations

You have razor-sharp teeth.
Your natural rate of healing is unusually fast.
When hurt, damage is shared between your health and your magic reserves.
Your bite disrupts and absorbs the magic of your enemies.
Potions cannot restore your health.
You have large cloven feet.
You possess an exceptional clarity of mind.
You are clumsy. (Dex -2)


Message History

You puncture the Orb Guardian!
Your weapon exudes an aura of protection.
You hit the Orb Guardian but do no damage.
You bite the Orb Guardian, but do no damage.
The Orb Guardian is lightly wounded.
You block the Orb Guardian's attack.
You hit the Orb Guardian but do no damage.
You bite the Orb Guardian! You drain its power.
You barely miss the Orb Guardian. Your bite misses the Orb Guardian.
The Orb Guardian is moderately wounded.
You puncture the Orb Guardian! Your bite misses the Orb Guardian.
You hit the Orb Guardian but do no damage.
You bite the Orb Guardian, but do no damage.
The Orb Guardian is heavily wounded.
You block the Orb Guardian's attack.
You puncture the Orb Guardian! You bite the Orb Guardian. You drain its power.
You closely miss the Orb Guardian. Your bite misses the Orb Guardian.
The Orb Guardian is heavily wounded.
You block the Orb Guardian's attack.
You completely miss the Orb Guardian.
You bite the Orb Guardian, but do no damage.
You hit the Orb Guardian. You bite the Orb Guardian!! You drain its power.
The Orb Guardian is severely wounded.
You block the Orb Guardian's attack.
You can now pass through a line of other dancers.
You puncture the Orb Guardian! You bite the Orb Guardian!
You kill the Orb Guardian!
No target in view!
No target in view!
There is a stone staircase leading up here.
You fly upwards.
There is a stone staircase leading down here.
Okay, then.
You can no longer pass through a line of other dancers.
Aiming: Dig
Press: ? - help, Shift-Dir - straight line You can't see that place.
The rock shatters into small pieces.
There is a staircase leading out of the dungeon here.
You have escaped!

#.#########...##.#.######..######
#.###....####.............>....#
#.##........####.#########.###.#
#.##..........##.............#.#
#....#....##...########......#.#
..##.....#####..# ###......#.#
#####....# ##.#####........#.# .#
##....## #..##..#####.#.#)#
####......# ##@..### #.#.#.#
#.......## ###.### #.#.#)#
#.#.##...###..)# #.#.#.#
#...###........# #.#.#.# ##.##
###...#### #.#...# #.#
################.##### ####.####
#...........#.# ...(....###
#.#########.#.#
#######...####.#######...#'######


There were no monsters in sight!

Vanquished Creatures
  2 dread liches
  5 ancient liches
  5 orbs of fire
  Mara (Shoals:3)
  3 juggernauts
  8 Killer Klowns
  Vv (Crypt:1)
  Josephina (Crypt:1)
  Saint Roka (Vaults:5)
  4 curse toes
  13 golden dragons
  Nikola (Elf:3)
  2 pearl dragons (Depths:3)
  Norris (Vaults:2)
  A bone dragon (Depths:4)
  A Brimstone Fiend (D:7)
  3 electric golems
  A Hell Sentinel (Depths:4)
  A walking crystal tome (Depths:3)
  18 tentacled monstrosities
  29 Orb Guardians
  10 quicksilver dragons
  A walking earthen tome (Depths:3)
  4 liches
  7 titans
  2 walking divine tomes
  3 deep elf blademasters
  A walking frostbound tome (Depths:3)
  4 sphinxes
  2 deep elf master archers (Elf:3)
  12 death cobs
  A kraken (Shoals:2)
  3 ancient champions
  Aizul (Snake:1)
  3 tengu reavers
  10 storm dragons
  15 shadow dragons
  6 draconian monks
  2 nagarajas (Snake:3)
  9 draconian knights
  5 protean progenitors
  A daeva (Depths:3)
  3 narguns (Depths:1)
  A revenant (Crypt:3)
  7 frost giants
  7 deep elf sorcerers
  15 fire giants
  28 vault wardens
  5 draconian scorchers
  An emperor scorpion (D:15)
  2 ghost moths
  7 draconian shifters
  3 iron dragons
  6 deep elf elementalists (Elf:3)
  9 draconian stormcallers
  3 curse skulls
  22 stone giants
  A balrug (Depths:3)
  2 ghouls (Crypt:2)
  16 ironbound preservers
  A demonspawn corrupter (Zot:4)
  An orc warlord (Orc:1)
  12 very ugly things
  A caustic shrike zombie (Depths:1)
  Louise (D:14)
  3 caustic shrike skeletons (Crypt:3)
  7 draconian annihilators
  5 reapers
  An ophan (Depths:3)
  11 green draconians
  8 spriggan defenders
  4 vampire knights
  A demonspawn black sun (Zot:4)
  6 ironbound thunderhulks
  An apis (Depths:3)
  A juggernaut skeleton (Crypt:2)
  8 deep elf death magi
  2 formless jellyfish (Vaults:2)
  9 deep elf demonologists
  Azrael (Elf:2)
  12 dire elephants
  3 war gargoyles
  12 yellow draconians
  12 red draconians
  3 spark wasps (Depths:4)
  12 black draconians
  10 purple draconians
  15 white draconians
  11 deep elf annihilators
  8 ettins
  13 eidola
  4 fire dragons (Depths:2)
  A mummy priest (Crypt:3)
  2 green deaths
  14 yaktaur captains
  14 jiangshi
  2 spectral krakens (Shoals:2)
  2 spriggan zombies (Crypt:3)
  An entropy weaver (Vaults:4)
  6 deep elf high priests
  8 merfolk impalers
  Fannar (D:12)
  2 elf skeletons (Crypt:2)
  6 great orbs of eyes
  A salamander tyrant (Snake:4)
  2 rakshasas
  3 ice dragons
  A fenstrider witch zombie (Crypt:2)
  2 peacekeepers (Vaults:2)
  2 spriggan skeletons
  3 satyrs
  36 vault guards
  8 ironbound frosthearts
  3 ghost crabs (Shoals:2)
  4 merfolk aquamancers
  2 alligator snapping turtles
  6 boulder beetles
  2 death knights
  3 hydras
  3 spriggan air magi
  2 sphinx zombies (Depths:2)
  5 merfolk avatars
  7 two-headed ogres
  17 centaur warriors
  2 radroaches (Zot:3)
  16 anacondas
  3 deep troll shamans
  25 dancing weapons
  10 naga warriors
  4 tengu warriors
  2 two-headed ogres (shapeshifter)
  8 vampire magi
  5 deep troll earth magi
  5 spriggan berserkers
  3 death yaks (Lair:5)
  13 shock serpents
  17 naga sharpshooters
  4 orc high priests
  A bennu skeleton (Crypt:1)
  8 hell knights
  3 occultists
  A sun demon (Depths:3)
  7 spriggans
  7 skysharks
  A skyshark (shapeshifter) (Vaults:5)
  A storm dragon zombie (Depths:2)
  20 deep elf knights
  3 iron trolls
  2 soul eaters (Crypt:3)
  A shadow wraith (Vaults:5)
  6 salamander mystics
  A spark wasp zombie (Depths:2)
  Lodul (D:10)
  2 golden dragon zombies
  18 mana vipers
  A quicksilver dragon simulacrum (Crypt:2)
  13 sea snakes
  7 glowing orange brains
  A shadow demon (Zot:4)
  2 storm dragon skeletons
  An anaconda zombie (Crypt:3)
  53 deep trolls
  A spriggan simulacrum (Crypt:1)
  A flayed ghost (Depths:2)
  A bunyip skeleton (Crypt:3)
  A bog body (IceCv)
  An orange crystal statue (Vaults:4)
  12 phantasmal warriors
  13 deep elf archers
  12 lindwurms
  A tengu zombie (Vaults:2)
  7 arcanists
  A deep troll (shapeshifter) (Vaults:5)
  2 golden dragon skeletons
  32 deep elf zephyrmancers
  25 necromancers
  2 naga ritualists
  27 harpies
  49 deep elf pyromancers
  14 ironbound convokers
  64 ugly things
  9 orc knights
  10 orc sorcerers
  A fire giant zombie (Crypt:2)
  2 frost giant zombies (Depths:2)
  A stone giant zombie (Crypt:3)
  7 fauns (Shoals:2)
  4 wolf spiders
  23 cyclopes
  17 salamanders
  15 manticores
  A manticore (shapeshifter) (Depths:2)
  A steelbarb worm (shapeshifter) (Vaults:5)
  A faun (shapeshifter) (Vaults:5)
  A spectral alligator snapping turtle (Shoals:2)
  4 meliai
  A centaur zombie (Crypt:2)
  12 merfolk sirens
  Maurice (D:9)
  A fire giant skeleton (Depths:2)
  18 moths of wrath
  2 naga zombies (Crypt:3)
  An eleionoma skeleton (Crypt:2)
  4 water nymphs
  A kobold blastminer (Orc:2)
  3 gargoyles
  2 ice statues (IceCv)
  9 guardian serpents
  A dire elephant zombie (Crypt:3)
  15 vault sentinels
  A torpor snail (Lair:2)
  13 naga magi
  An elf zombie (Vaults:3)
  An orange demon (Zot:4)
  A spectral sea snake (Shoals:2)
  A smoke demon (Depths:3)
  50 black mambas
  14 cane toads
  2 dire elephant skeletons (Crypt:3)
  A catoblepas zombie (Crypt:1)
  2 unseen horrors
  2 yaktaur zombies
  7 komodo dragons
  A komodo dragon (shapeshifter) (Vaults:5)
  2 human zombies
  44 yaktaurs
  8 freezing wraiths
  4 anaconda simulacra (IceCv)
  A rime drake (Lair:2)
  2 efreet
  A black draconian skeleton (Crypt:1)
  3 spectral merfolk (Shoals:2)
  3 tengu conjurers
  A red draconian skeleton (Crypt:1)
  A golden dragon simulacrum (Depths:2)
  3 human skeletons
  5 ice devils
  2 hydra zombies (Crypt:3)
  2 guardian mummies (Crypt:3)
  2 harpy zombies (Crypt:3)
  13 polar bears
  A merfolk (shapeshifter) (Vaults:5)
  4 wind drakes
  25 merfolk
  13 hellwings (Crypt:3)
  11 trolls
  A spectral harpy (Shoals:2)
  An iron troll skeleton (Crypt:1)
  A glass eye (Depths:2)
  12 hornets
  A tarantella (Vaults:4)
  15 blink frogs
  Grinder (D:5)
  2 ettin zombies
  18 snapping turtles
  2 harpy skeletons
  A snapping turtle (shapeshifter) (Vaults:5)
  6 dream sheep
  33 slime creatures
  2 centaur simulacra (D:13)
  18 water elementals
  3 jumping spiders (Crypt:3)
  An ettin skeleton (Crypt:3)
  A spriggan (shapeshifter) (D:13)
  Sigmund (D:5)
  8 air elementals
  A shadow (D:12)
  3 dire elephant simulacra (IceCv)
  2 vampires
  5 basilisks
  A black mamba skeleton (Crypt:2)
  78 yaks
  15 wraiths
  An ushabti (Crypt:3)
  A yak (shapeshifter) (D:15)
  12 wyverns
  7 fire elementals
  6 redbacks
  A warg (shapeshifter) (D:13)
  2 wargs
  An elf simulacrum (Vaults:1)
  4 vampire mosquitoes (D:10)
  5 harpy simulacra
  44 nagas
  2 glowing shapeshifter zombies
  29 water moccasins
  2 acid dragons (D:11)
  A glowing shapeshifter skeleton (Vaults:1)
  2 naga skeletons (Crypt:3)
  4 hell hounds (Elf:2)
  A swamp drake (D:10)
  An ice beast (D:13)
  17 black bears
  A fire bat skeleton (Crypt:2)
  32 orc warriors
  A meliai simulacrum (D:13)
  A sky beast (D:7)
  15 laughing skulls
  28 ogres
  4 boggarts (D:14)
  16 wolves
  An ogre (shapeshifter) (D:13)
  A tengu (shapeshifter) (Elf:3)
  7 centaurs
  A spectral cyclops (Shoals:2)
  An orc skeleton (Vaults:1)
  A manticore skeleton (Crypt:1)
  A salamander zombie (Crypt:2)
  7 kobold brigands
  7 earth elementals (Elf:3)
  5 gnoll sergeants (D:8)
  16 bullfrogs
  3 necrophages (Crypt:2)
  A two-headed ogre simulacrum (IceCv)
  3 scorpions
  10 wyvern skeletons (Crypt:3)
  12 wights
  A yak zombie (Crypt:1)
  A raiju zombie (Crypt:1)
  An elephant simulacrum (Lair:2)
  6 killer bees (D:9)
  4 electric eels
  9 howler monkeys
  A bombardier beetle (D:5)
  A human simulacrum (Vaults:3)
  10 hounds
  2 jellies
  31 orc priests
  2 sleepcaps
  A gnoll bouda (D:8)
  4 iguanas
  32 orc wizards
  A troll simulacrum (IceCv)
  A wolf simulacrum (IceCv)
  An acid dragon zombie (Crypt:2)
  19 gnolls
  10 adders
  2 naga simulacra
  A shadow imp (D:7)
  4 white imps
  6 ufetubi
  4 dart slugs
  7 ribbon worms (D:2)
  93 orcs
  4 ball pythons
  5 endoplasms
  4 giant cockroaches
  6 goblins
  13 hobgoblins
  7 quokkas
  4 bats
  2 frilled lizards
  25 kobolds
  3 rats
  A rat zombie (Crypt:2)
  A spectral hobgoblin (D:10)
  3 aspiring fleshes
  6 tentacles (Shoals:2)
2562 creatures vanquished.

Vanquished Creatures (collateral kills)
  2 salamander tyrants (Snake:4)
  A naga warrior (Snake:4)
  A shock serpent (Snake:4)
  3 naga sharpshooters (Snake:4)
  A salamander mystic (Snake:4)
  A sea snake (Snake:2)
  A naga ritualist (Snake:4)
  A lindwurm (Snake:4)
  2 salamanders (Snake:4)
  A naga mage (Snake:4)
  A guardian serpent (Snake:4)
  3 nagas
  5 ogres (D:10)
23 creatures vanquished.

Vanquished Creatures (others)
  A storm dragon (Zot:3)
  A vault warden (Vaults:2)
  2 deep elf knights (Elf:3)
  A deep troll (shapeshifter) (Vaults:5)
  2 deep elf zephyrmancers
  An ironbound convoker (Vaults:2)
  2 deep elf pyromancers (Elf:3)
  An air elemental (Elf:3)
  6 water elementals (Elf:3)
  A wraith (D:12)
  A naga (Snake:4)
  An orc wizard (Orc:2)
  An orc (Orc:1)
  11 tentacles (Shoals:2)
32 creatures vanquished.

Grand Total: 2617 creatures vanquished

Notes
Turn   | Place    | Note
-------+----------+-------------------------------------------
     0 | D:1      | kuniqs the Vine Stalker Berserker began the quest for the
                  | Orb.
     0 | D:1      | Reached XP level 1. HP: 11/11 MP: 2/2
   103 | D:1      | Reached XP level 2. HP: 16/16 MP: 3/3
   407 | D:1      | Reached skill level 1 in Invocations
   487 | D:1      | Reached XP level 3. HP: 19/19 MP: 4/4
   774 | D:2      | Reached ** piety under Trog
  1096 | D:2      | Reached XP level 4. HP: 24/24 MP: 4/6
  1409 | D:2      | Reached skill level 2 in Armour
  1930 | D:3      | Reached XP level 5. HP: 28/28 MP: 7/7
  1979 | D:3      | Noticed an orc warrior
  1979 | D:3      | Noticed a black bear
  2308 | D:3      | Found a faded altar of an unknown god.
  2912 | D:4      | Reached skill level 1 in Evocations
  2912 | D:4      | Reached XP level 6. HP: 32/32 MP: 8/8
  3209 | D:4      | Gained mutation: You possess an exceptional clarity of
                  | mind. [potion of mutation]
  3209 | D:4      | Gained mutation: You have razor-sharp teeth. [potion of
                  | mutation]
  3210 | D:4      | Noticed a black bear
  3234 | D:4      | Killed a black bear
  3235 | D:4      | Reached XP level 7. HP: 35/37 MP: 8/10
  3306 | D:4      | Reached skill level 5 in Short Blades
  3306 | D:4      | Reached *** piety under Trog
  3827 | D:5      | Entered Level 5 of the Dungeon
  4028 | D:5      | Noticed Sigmund
  4046 | D:5      | Killed Sigmund
  4047 | D:5      | Mutation became permanent: You have extremely sharp teeth.
                  | [Vine Stalker growth]
  4047 | D:5      | Gained mutation: You have razor-sharp teeth. [Vine Stalker
                  | growth]
  4047 | D:5      | Reached XP level 8. HP: 42/42 MP: 9/11
  4447 | D:5      | Noticed Grinder
  4504 | D:5      | Killed Grinder
  4732 | D:6      | Reached skill level 5 in Fighting
  4833 | D:6      | Noticed a yak
  4833 | D:6      | Noticed a yak
  4855 | D:6      | Noticed a yak
  4861 | D:6      | Noticed a yak
  4861 | D:6      | Noticed a yak
  4867 | D:6      | Killed a yak
  4870 | D:6      | Killed a yak
  4871 | D:6      | Reached XP level 9. HP: 47/47 MP: 8/13
  4879 | D:6      | Reached skill level 5 in Invocations
  5398 | D:6      | Identified the +2 whip "Wifuvyss" {venom, rC+ Str+2}
  5993 | D:7      | Found a staircase to the Ecumenical Temple.
  5998 | Temple   | Entered the Ecumenical Temple
  6045 | D:7      | Reached **** piety under Trog
  6213 | D:7      | Reached skill level 3 in Armour
  6583 | D:8      | Reached skill level 5 in Evocations
  6583 | D:8      | Reached XP level 10. HP: 53/53 MP: 15/15
  6865 | D:8      | Found an ornate altar of the Wu Jian Council.
  7042 | D:8      | Reached ***** piety under Trog
  7614 | D:9      | Noticed Maurice
  7830 | D:8      | Reached skill level 4 in Armour
  7863 | D:9      | Killed Maurice
  8008 | D:9      | Noticed a two-headed ogre
  8019 | D:9      | Killed a two-headed ogre
  8020 | D:9      | Reached skill level 10 in Short Blades
  8020 | D:9      | Reached XP level 11. HP: 58/58 MP: 17/17
  8120 | D:9      | Identified the +5 great mace "Killer Bee's Bane" {flame,
                  | Will+ Str+2 Dex-2}
  8500 | D:9      | Reached skill level 5 in Armour
  8753 | D:10     | Entered Level 10 of the Dungeon
  9179 | D:10     | Noticed a tengu warrior
  9180 | D:10     | Noticed a two-headed ogre
  9191 | D:10     | Found a bloodstained altar of Trog.
  9191 | D:10     | Noticed a moth of wrath
  9191 | D:10     | Noticed a two-headed ogre
  9192 | D:10     | Noticed Anriel's ghost (novice DgCj)
  9202 | D:10     | Found a transporter.
  9208 | D:10     | Found a transporter.
  9235 | D:10     | Found a snail-covered altar of Cheibriados.
  9388 | D:10     | Found a hazy altar of Hepliaklqana.
  9539 | D:10     | Noticed Lodul
  9562 | D:10     | Killed Lodul
  9636 | D:10     | Found a staircase to the Orcish Mines.
  9694 | D:10     | Received a gift from Trog
  9844 | D:10     | Found a glowing golden altar of the Shining One.
  9844 | D:10     | Found a radiant altar of Vehumet.
  9947 | D:11     | Reached XP level 12. HP: 47/65 MP: 19/19
  9966 | D:11     | Found a staircase to the Lair.
  9999 | D:11     | Reached skill level 6 in Armour
 10222 | D:11     | Noticed a two-headed ogre
 10234 | D:11     | Killed a two-headed ogre
 10298 | D:11     | Noticed a boulder beetle
 10328 | D:11     | Noticed a rakshasa
 10352 | D:11     | Killed a rakshasa
 10415 | D:11     | Killed a boulder beetle
 10457 | D:11     | Noticed a two-headed ogre
 10469 | D:11     | Killed a two-headed ogre
 11238 | D:12     | Noticed a two-headed ogre
 11246 | D:12     | Killed a two-headed ogre
 11247 | D:12     | Reached skill level 1 in Shields
 11556 | D:12     | Reached XP level 13. HP: 36/70 MP: 17/21
 11624 | D:12     | Identified the +10 long sword of Lies {pain, Will+ Dex+2}
 11776 | D:12     | Found a runed translucent door.
 11796 | D:12     | Reached skill level 7 in Armour
 11808 | D:12     | Noticed Fannar
 11836 | D:12     | Killed Fannar
 12058 | D:12     | Received a gift from Trog
 12081 | D:12     | Identified a scroll of acquirement
 12082 | D:12     | Acquired the amulet "Zolaxese" {Reflect +Inv rC++ Will-
                  | SH+5}
 12124 | D:13     | Found Peaxy's General Store.
 12131 | D:13     | Bought 2 potions of lignification for 90 gold pieces
 12131 | D:13     | Bought 3 scrolls of identify for 90 gold pieces
 12186 | D:13     | Found a gate to the Vaults.
 12186 | D:13     | Noticed a vault guard
 12186 | D:13     | Noticed a vault guard
 12186 | D:13     | Noticed a vault guard
 12187 | D:13     | Noticed a vault guard
 12189 | D:13     | Killed a vault guard
 12189 | D:13     | Killed a vault guard
 12189 | D:13     | Killed a vault guard
 12190 | D:13     | Reached skill level 10 in Invocations
 12203 | D:13     | Killed a vault guard
 12255 | D:13     | Reached ****** piety under Trog
 12390 | D:13     | Reached skill level 10 in Fighting
 12544 | D:13     | Reached XP level 14. HP: 41/75 MP: 13/22
 12656 | D:13     | You fall into a shaft and drop 2 floors!
 12656 | D:15     | Entered Level 15 of the Dungeon
 12715 | D:15     | Reached skill level 8 in Armour
 12842 | D:15     | Reached skill level 5 in Dodging
 12886 | D:15     | Acquired the +6 crystal plate armour "Akam" {rElec rCorr
                  | Str-4}
 13006 | D:15     | Reached skill level 5 in Shields
 14178 | D:14     | Noticed Louise
 14198 | D:14     | Received a gift from Trog
 14200 | D:14     | Killed Louise
 14426 | D:14     | Reached XP level 15. HP: 81/81 MP: 24/24
 14592 | D:14     | Found Qonup's Overcharged Wands.
 14923 | D:15     | Noticed an emperor scorpion
 14936 | D:15     | Reached skill level 9 in Armour
 14964 | D:15     | Killed an emperor scorpion
 14992 | D:15     | Found a staircase to the Depths.
 15663 | Orc:1    | Entered Level 1 of the Orcish Mines
 15687 | Orc:1    | Found Maalucw's Self-Improvement Boutique.
 15700 | Orc:1    | Bought a manual of Shields for 880 gold pieces
 16004 | Orc:1    | Bought a manual of Armour for 880 gold pieces
 16091 | Orc:2    | Entered Level 2 of the Orcish Mines
 16091 | Orc:2    | Found a transporter.
 16104 | Orc:2    | Found Jukoch's Antique Weapon Boutique.
 16106 | Orc:2    | Found a transporter.
 16224 | Orc:2    | Found a staircase to the Elven Halls.
 16292 | Orc:2    | Received a gift from Trog
 16698 | Orc:2    | Noticed an orc warlord
 16759 | Orc:1    | Killed an orc warlord
 17062 | Orc:2    | Paralysed by an orc sorcerer for 4 turns
 17136 | Orc:2    | Found Uhi Usec's General Store.
 17137 | Orc:2    | Found Maiguc's Jewellery Boutique.
 17139 | Orc:2    | Found Fafaara's Antique Armour Boutique.
 17139 | Orc:2    | Found Urasm's Antique Weapon Shop.
 17157 | Orc:2    | Bought a warped chain mail for 294 gold pieces
 17157 | Orc:2    | Identified the +0 chain mail of Eskanuig {Dex+4} (You
                  | bought it in a shop on level 2 of the Orcish Mines)
 17450 | Orc:2    | Bought a pitted rapier for 306 gold pieces
 17450 | Orc:2    | Identified the +5 rapier "Trog's Fury" {spect, ^Fragile rC+
                  | Int+2} (You bought it in a shop on level 2 of the Orcish
                  | Mines)
 17560 | Lair:1   | Entered Level 1 of the Lair of Beasts
 17982 | Lair:1   | Reached skill level 10 in Armour
 18402 | Lair:2   | Found a frozen archway.
 18415 | IceCv    | Entered an ice cave
 18462 | IceCv    | Received a gift from Trog
 18909 | Lair:2   | Reached XP level 16. HP: 88/88 MP: 26/26
 19744 | Lair:3   | Reached skill level 11 in Armour
 19952 | Lair:3   | Found a staircase to the Shoals.
 19976 | Lair:3   | Reached skill level 10 in Shields
 20282 | Lair:3   | Received a gift from Trog
 20295 | Lair:3   | Found a staircase to the Snake Pit.
 20775 | Lair:4   | Identified the +1 leather armour "Cefixiogg" {rF+ rCorr
                  | SInv}
 21044 | Lair:5   | Entered Level 5 of the Lair of Beasts
 21263 | Lair:5   | Found a staircase to the Slime Pits.
 21726 | Lair:5   | Received a gift from Trog
 21828 | Lair:5   | Reached skill level 12 in Armour
 22232 | Snake:1  | Entered Level 1 of the Snake Pit
 22265 | Snake:1  | You fall into a shaft and drop 1 floor!
 22782 | Snake:1  | Found Loegrel's Weapon Shoppe.
 22782 | Snake:1  | Found Ureyp's Antique Weapon Emporium.
 22783 | Snake:1  | Found Jumuizi's Distillery.
 22793 | Snake:1  | Reached XP level 17. HP: 86/93 MP: 27/27
 22796 | Snake:1  | Found Ebaty's Jewellery Emporium.
 22930 | Snake:1  | Reached skill level 13 in Armour
 23065 | Snake:1  | Identified the serpent talisman "Ciss" {Int+4 Slay+2
                  | Stlth+}
 23065 | Snake:1  | Noticed Aizul
 23094 | Snake:1  | Killed Aizul
 23094 | Snake:1  | Received a gift from Trog
 23482 | Snake:1  | Found a runed translucent door.
 23482 | Snake:1  | Noticed beef's ghost (adept HOBe)
 24290 | Snake:3  | Found the +1 cloak of Starlight {*Dazzle EV+4 Stlth--}
 24454 | Snake:3  | Reached skill level 14 in Armour
 24756 | Snake:3  | Found Zaff's Magic Scroll Shoppe.
 24765 | Snake:3  | Bought a scroll of enchant weapon for 82 gold pieces
 24829 | Snake:3  | Received a gift from Trog
 25144 | Snake:4  | Entered Level 4 of the Snake Pit
 25226 | Snake:4  | Found Utagoelo's Magic Scroll Shop.
 25229 | Snake:4  | Bought a scroll of blinking for 135 gold pieces
 25615 | Snake:4  | Reached XP level 18. HP: 67/99 MP: 27/29
 25705 | Snake:4  | Found Veveh's Assorted Antiques.
 25772 | Snake:4  | Bought an embroidered cloak for 255 gold pieces
 26007 | Snake:4  | Received a gift from Trog
 26461 | Snake:4  | Got a serpentine rune of Zot
 26871 | Elf:1    | Entered Level 1 of the Elven Halls
 26971 | Elf:1    | Received a gift from Trog
 27140 | Elf:1    | Paralysed by an air elemental for 1 turns
 27263 | Elf:1    | Paralysed by an air elemental for 1 turns
 27373 | Elf:1    | Noticed a Brimstone Fiend
 27374 | Elf:1    | Reached skill level 10 in Dodging
 27384 | Elf:1    | Reached skill level 15 in Armour
 27440 | Elf:1    | Reached XP level 19. HP: 105/105 MP: 30/30
 27844 | Elf:1    | Received a gift from Trog
 28410 | Elf:2    | Identified the +1 ring mail "Wilirray" {rN+}
 28628 | Elf:2    | Found a huge runed translucent gate.
 28628 | Elf:2    | Found a huge runed translucent gate.
 28628 | Elf:2    | Found a huge runed translucent gate.
 28628 | Elf:2    | Found a huge runed translucent gate.
 28633 | Elf:2    | Found a huge runed translucent gate.
 29045 | Elf:2    | Noticed Azrael
 29059 | Elf:2    | Received a gift from Trog
 29064 | Elf:2    | Killed Azrael
 29345 | Elf:2    | Reached skill level 15 in Shields
 29692 | Elf:3    | Entered Level 3 of the Elven Halls
 29707 | Elf:3    | Found Nuruav's Jewellery Shoppe.
 29715 | Elf:3    | Found Nahic's Distillery.
 29859 | Elf:3    | Noticed Nikola
 29875 | Elf:3    | Killed Nikola
 29886 | Elf:3    | Paralysed by an air elemental for 1 turns
 29889 | Elf:3    | Paralysed by an air elemental for 1 turns
 29902 | Elf:3    | Paralysed by an air elemental for 1 turns
 29994 | Elf:3    | Reached skill level 15 in Invocations
 30012 | Elf:3    | Paralysed by an air elemental for 1 turns
 30031 | Elf:3    | Received a gift from Trog
 30153 | Elf:3    | Paralysed by an air elemental for 1 turns
 30362 | Elf:3    | Reached XP level 20. HP: 94/112 MP: 32/32
 30524 | Elf:3    | Received a gift from Trog
 30880 | Elf:3    | Identified the +0 plate armour of the Centaur {rPois rCorr
                  | Str+2 Int-5}
 30914 | Elf:3    | Identified the +0 flail "Xoinuq" {heavy, ^Fragile rF+ rC+}
 30914 | Elf:3    | Identified the +1 leather armour of the Dwarven Hall
                  | {Dex+3}
 30945 | Elf:3    | Identified the +9 spear "Zewaav" {elec, rElec rC- Str+3}
 30987 | Elf:3    | Identified the +1 robe of Soojettosi {rPois}
 31029 | Elf:3    | Identified the staff of Abuse {rPois Will+ Alchemy}
 31047 | Elf:3    | Identified the +2 chain mail of Ponaerhu {Dex+2}
 31160 | Elf:3    | Bought the ring "Ihaerphe" {rF+ rN++ Dex-5 SInv} for 651
                  | gold pieces
 31191 | Elf:3    | Fell from the grace of Trog
 31576 | Temple   | Became a worshipper of Uskayaw the Reveller
 31941 | Elf:3    | Reached * piety under Uskayaw
 31946 | Elf:3    | Reached ** piety under Uskayaw
 31947 | Elf:3    | Reached *** piety under Uskayaw
 32562 | Elf:3    | Identified the staff of Nuojiv {rC+ rN+ Dex-2 Stlth+ Ice}
 33018 | Shoals:1 | Entered Level 1 of the Shoals
 33086 | Snake:1  | Bought an amulet of reflection for 420 gold pieces
 33179 | Shoals:1 | Reached **** piety under Uskayaw
 33181 | Shoals:1 | Reached ***** piety under Uskayaw
 33203 | Shoals:1 | Reached ****** piety under Uskayaw
 33732 | Shoals:1 | Paralysed by Trog for 5 turns
 33955 | Shoals:2 | Reached skill level 16 in Armour
 34056 | Shoals:2 | Found Umurod's Weapon Boutique.
 34066 | Shoals:2 | Reached skill level 15 in Fighting
 34164 | Shoals:2 | Acquired a manual of Armour
 34546 | Shoals:2 | Reached skill level 1 in Stealth
 34665 | Shoals:3 | Found a flickering gateway to a bazaar.
 34684 | Bazaar   | Entered a bazaar
 34688 | Bazaar   | Found Qydiqiv's Jewellery Shop.
 34697 | Bazaar   | Found Tuiveob's Magic Scroll Shop.
 34712 | Bazaar   | Found Lemem's Jewellery Boutique.
 34740 | Bazaar   | Found Xyca's Jewellery Boutique.
 34798 | Bazaar   | Bought a scroll of blinking for 90 gold pieces
 34798 | Bazaar   | Bought a scroll of enchant weapon for 90 gold pieces
 34798 | Bazaar   | Bought a scroll of enchant armour for 90 gold pieces
 34798 | Bazaar   | Bought a scroll of teleportation for 36 gold pieces
 35078 | Shoals:3 | Reached XP level 21. HP: 117/117 MP: 33/33
 35136 | Shoals:3 | Noticed Mara
 35181 | Shoals:3 | Killed Mara
 35578 | Shoals:4 | Entered Level 4 of the Shoals
 35797 | Shoals:4 | Reached skill level 5 in Stealth
 35804 | Shoals:4 | Got a barnacled rune of Zot
 36013 | Shoals:4 | Found Zyrroloo's Antique Weapon Shoppe.
 36281 | Shoals:4 | Reached skill level 17 in Armour
 36940 | Vaults:1 | Entered Level 1 of the Vaults
 37444 | Vaults:1 | Identified the +10 whip "Aluzil" {drain, rPois}
 37652 | Vaults:1 | Identified the +8 great sword "Qumifohy" {flame, rN+ Str-4
                  | SInv}
 37934 | Vaults:2 | Found Geafiel's Jewellery Shoppe.
 37982 | Vaults:2 | Found Naps's Distillery.
 37990 | Vaults:2 | Bought a potion of resistance for 220 gold pieces
 38155 | Vaults:2 | Found Vaym's Jewellery Shoppe.
 38559 | Vaults:2 | Found a staircase to the Crypt.
 38569 | Vaults:2 | Noticed Norris
 38592 | Vaults:2 | Killed Norris
 38866 | Vaults:2 | Reached XP level 22. HP: 120/123 MP: 33/35
 38961 | Vaults:2 | Reached skill level 18 in Armour
 39008 | Vaults:2 | You fall into a shaft and drop 2 floors!
 39689 | Vaults:3 | Found Xahij's Antique Weapon Shop.
 40273 | Vaults:3 | Found Coej's Weapon Shoppe.
 41827 | Depths:1 | Entered Level 1 of the Depths
 41827 | Depths:1 | Found a radiant altar of Vehumet.
 41838 | D:15     | Reached skill level 19 in Armour
 41838 | D:15     | Reached XP level 23. HP: 125/129 MP: 33/36
 41940 | D:15     | Was forgiven by Trog
 42241 | Depths:1 | Found a gateway to Hell.
 42280 | Depths:1 | Found Inicei's Weapon Shop.
 42458 | Depths:1 | Identified the +9 double sword of the Thieving Priest
                  | {flame, rC+}
 42458 | Depths:1 | Identified the +6 double sword of Xich {heavy, rCorr}
 42465 | Depths:1 | Identified the +10 double sword "Adwif" {freeze, Int+5}
 42534 | Depths:1 | Found a one-way gate leading to the halls of Pandemonium.
 42925 | Depths:2 | You fall into a shaft and drop 2 floors!
 42925 | Depths:4 | Entered Level 4 of the Depths
 42938 | Depths:4 | Found a gate to the Realm of Zot.
 42938 | Depths:4 | Noticed a golden dragon
 42942 | Depths:4 | Killed a golden dragon
 43303 | Depths:2 | Noticed a juggernaut
 43316 | Depths:2 | Killed a juggernaut
 43427 | Depths:2 | Identified the staff of Misery {rPois rN+ Int+4 Necro}
 43436 | Depths:2 | Identified the +3 scale mail of the Zebrataur {rElec rPois
                  | Dex+4 Stlth-}
 43521 | Depths:2 | Found a one-way gate to the infinite horrors of the Abyss.
 44050 | Depths:3 | Reached XP level 24. HP: 37/136 MP: 21/37
 44250 | Depths:3 | Found a glowing silver altar of Zin.
 44250 | Depths:3 | Found a white marble altar of Elyvilon.
 44250 | Depths:3 | Found a glowing golden altar of the Shining One.
 44311 | Depths:3 | Found a one-way gateway to a ziggurat.
 44449 | Depths:3 | Noticed an ancient lich
 44458 | Depths:3 | Killed an ancient lich
 44484 | Depths:3 | Noticed a juggernaut
 44498 | Depths:3 | Killed a juggernaut
 44512 | Depths:3 | Reached skill level 20 in Armour
 44697 | Depths:3 | Noticed a juggernaut
 44716 | Depths:3 | Killed a juggernaut
 45579 | Depths:4 | Identified the +6 scimitar of Temperance {flame, rPois rF-
                  | rCorr Int+6}
 46067 | Crypt:1  | Entered Level 1 of the Crypt
 46240 | Crypt:1  | Noticed Vv
 46278 | Crypt:1  | Killed Vv
 46508 | Crypt:1  | Identified the ring of Ene Miadgh {Ice Int+3}
 46508 | Crypt:1  | Noticed Josephina
 46520 | Crypt:1  | Killed Josephina
 46941 | Crypt:2  | Identified the +0 scale mail of Qourchoni {Str+2}
 46981 | Crypt:2  | Reached XP level 25. HP: 135/142 MP: 34/37
 47117 | Crypt:2  | Identified the ring of the Falcon {rPois Will+ Str+2}
 47425 | Crypt:2  | Reached skill level 15 in Dodging
 48015 | Crypt:3  | Entered Level 3 of the Crypt
 48656 | Crypt:3  | Identified the staff "Vickutag" {rC+ rN+ Dex+3 Necro Air}
 48656 | Crypt:3  | Identified the death talisman of Intercession {Int-3 Dex+4
                  | Slay+5}
 48660 | Crypt:3  | Identified the +7 rapier of the Nexus {pain, rN+ Str+4}
 48844 | Crypt:3  | Noticed a dread lich
 48845 | Crypt:3  | Found the +3 Mad Mage's Maulers {Infuse+∞ VampMP -Cast}
 48859 | Crypt:3  | Killed a dread lich
 48861 | Crypt:3  | Identified the +6 orcbow "Maotes" {heavy, +Blink rCorr}
 48865 | Crypt:3  | Identified the ring "Tiaga" {rN+ Dex+5}
 48865 | Crypt:3  | Identified the amulet of Qeziafaz {Fly rElec rF+ Regen+
                  | Slay+3}
 48865 | Crypt:3  | Identified the ring "Siysyzxi" {rN+ Int+3}
 48887 | Crypt:3  | Identified the +2 quarterstaff of Koev {freeze, Will+ Dex+2
                  | SInv}
 48987 | Crypt:3  | Found an ancient bone altar of Kikubaaqudgha.
 49493 | Crypt:3  | Found a staircase to the Tomb.
 49591 | Crypt:3  | Identified the +7 spear of Doom {flame, *Noise rElec rN+++
                  | Dex-4}
 49838 | Vaults:5 | Entered Level 5 of the Vaults
 49963 | Vaults:5 | Noticed an ancient lich
 49966 | Vaults:5 | Killed an ancient lich
 49970 | Vaults:5 | Reached skill level 21 in Armour
 50084 | Vaults:5 | Identified the ring of Izamurchimm {Fly rPois}
 50140 | Vaults:5 | Identified the +1 mace "Loopy" {flame, rCorr MP+9}
 50199 | Vaults:5 | Reached XP level 26. HP: 147/147 MP: 38/38
 50288 | Vaults:5 | Noticed an ancient lich
 50291 | Vaults:5 | Killed an ancient lich
 50393 | Vaults:5 | Identified the +7 falchion of the Magi {venom, SInv}
 50406 | Vaults:5 | Identified the ring of the Special Xenops {rElec rC- rCorr
                  | Str+6}
 50841 | Vaults:5 | Noticed Saint Roka
 50844 | Vaults:5 | Killed Saint Roka
 50902 | Vaults:5 | Identified the +0 helmet of Transparent Surprise {rPois
                  | Str+3 Int-2}
 50930 | Vaults:5 | Got a silver rune of Zot
 51617 | Vaults:2 | Bought a potion of haste for 220 gold pieces
 51817 | Snake:3  | Bought a scroll of fear for 44 gold pieces
 51817 | Snake:3  | Bought a scroll of teleportation for 33 gold pieces
 51817 | Snake:3  | Bought a scroll of teleportation for 33 gold pieces
 51817 | Snake:3  | Bought a scroll of teleportation for 33 gold pieces
 51988 | Snake:4  | Bought a scroll of fog for 72 gold pieces
 51988 | Snake:4  | Bought a scroll of fog for 72 gold pieces
 52086 | Snake:1  | Bought a potion of might for 60 gold pieces
 52086 | Snake:1  | Bought a potion of might for 60 gold pieces
 52216 | Snake:4  | Bought 2 potions of might for 272 gold pieces
 52216 | Snake:4  | Bought a scroll of revelation for 255 gold pieces
 52216 | Snake:4  | Bought 2 potions of invisibility for 544 gold pieces
 52497 | Orc:2    | Bought a scroll of teleportation for 48 gold pieces
 52651 | Elf:3    | Bought a potion of haste for 120 gold pieces
 52651 | Elf:3    | Bought a potion of mutation for 96 gold pieces
 52651 | Elf:3    | Bought a potion of cancellation for 96 gold pieces
 53029 | Zot:1    | Entered Level 1 of the Realm of Zot
 53111 | Zot:1    | Noticed an orb of fire
 53123 | Zot:1    | Killed an orb of fire
 53901 | Zot:1    | Reached XP level 27. HP: 158/158 MP: 38/38
 54123 | Zot:2    | Reached skill level 22 in Armour
 55129 | Zot:3    | Noticed an orb of fire
 55139 | Zot:3    | Gained mutation: You have large cloven feet. [an orb of
                  | fire]
 55142 | Zot:3    | Killed an orb of fire
 55287 | Zot:3    | Found a transporter.
 55393 | Zot:3    | Found a transporter.
 55596 | Zot:3    | Gained mutation: You are clumsy. (Dex -2) [mutagenic glow]
 55628 | Zot:3    | Identified the ring "Rietuv" {Fire Str+4}
 55638 | Zot:3    | Identified the ring of Qeinega {rC+ AC+4 Dex+3}
 55645 | Zot:3    | Identified the +4 double sword "Noumi" {flame, rElec Will+
                  | Str+3 SInv}
 55963 | Zot:4    | Reached skill level 23 in Armour
 56208 | Zot:4    | Identified the +9 plate armour of Vehumet's Castigation
                  | {Regen+ Str+8 Int+3 Dex-5}
 56441 | Zot:4    | Identified the ring of Midwinter {+Blink rN+ MP+9 Int-5
                  | Slay+3}
 56443 | Zot:4    | Found a transporter.
 56449 | Zot:4    | Found a transporter.
 56479 | Zot:5    | Entered Level 5 of the Realm of Zot
 56575 | Zot:5    | Found a runed translucent door.
 56575 | Zot:5    | Found a shimmering altar of Xom.
 56575 | Zot:5    | Noticed temujin's ghost (legendary DjAl)
 56683 | Zot:5    | Noticed an ancient lich
 56699 | Zot:5    | Killed an ancient lich
 56699 | Zot:5    | Noticed an ancient lich
 56707 | Zot:5    | Noticed an orb of fire
 56709 | Zot:5    | Killed an orb of fire
 56709 | Zot:5    | Noticed an orb of fire
 56710 | Zot:5    | Reached skill level 24 in Armour
 56716 | Zot:5    | Killed an ancient lich
 56719 | Zot:5    | Killed an orb of fire
 56800 | Zot:5    | Noticed an orb of fire
 56820 | Zot:5    | Killed an orb of fire
 56854 | Zot:5    | Reached skill level 25 in Armour
 56870 | Zot:5    | Noticed a dread lich
 56884 | Zot:5    | Killed a dread lich
 56890 | Zot:5    | Got the Orb of Zot
 57147 | D:15     | Noticed Hefagh the pandemonium lord
 57467 | D:$      | Escaped with the Orb!

Illustrated notes

Levels and vault maps discovered:
D:1:      dpeg_arrival_round_b, layout_basic
D:2:      layout_basic, st_stairs_3, nicolae_wormholes
D:3:      layout_basic, basic_ecumenical_altar, lightli_corner_chamber
D:4:      layout_loops_corners
D:5:      layout_basic, corexii_leaking_fountain, uniq_sigmund, uniq_grinder
D:6:      layout_layer_cave, kennysheep_generic_room_14
D:7:      layout_loops_ring, temple_statues
D:8:      lemuel_castle_with_subvaults [lemuel_castle_interior_carwin_1],
          layout_basic, nicolae_wu_jian_wuxing_cycle
D:9:      layout_big_octagon, uniq_maurice
D:10:     layout_basic, cheibriados_altar_1,
          nicolae_hepliaklqana_monster_ancestors,
          nicolae_overflow_two_pavilions, erik_orc_1,
          gammafunk_ghost_wrathful_warriors, minmay_misc_feat_room, nrook_uturn,
          minmay_gold_behind_fungi, hangedman_abyss_or_decor_stagger, uniq_lodul
D:11:     minmay_chambers_of_sixes, layout_cave_pools,
          due_lair_maze_entry_diamond
D:12:     minmay_the_grid_four_pointed_star_mashed
          [minmay_the_grid_triangle_9x9_subtriangle,
          minmay_the_grid_triangle_9x9_wacky_v,
          minmay_the_grid_triangle_9x9_warning,
          minmay_the_grid_triangle_9x9_dagger,
          minmay_the_grid_prize_inner_circle], layout_cave_pools,
          dreamdust_mushroom_princess, uniq_fannar
D:13:     minmay_s_stair_smasher, layout_basic,
          lightli_vaults_fourway_checkpoint, serial_ice, serial_ice_k,
          serial_ice_g, serial_ice_n, serial_ice_a, serial_shops, shop,
          minmay_unpleasant_kobolds
D:14:     layout_roguey, nicolae_shop_overcharged_wands, uniq_louise
D:15:     hangedman_depths_entry_try_elsewhere_first, layout_gridville,
          chequers_arboretum
Temple:   minmay_temple_bridge_d
Lair:1:   layout_long_grid
Lair:2:   dragon1_lemuel, layout_loops_ring,
          portal_ice_cave_entry_ice_simulacra, ldierk_geyser,
          grunt_forest_small_clearings, pdpol_lair_neglected_garden,
          minivault_25
Lair:3:   layout_roguey, shoals_dummy_entry,
          minmay_snake_entry_guardpost_medium, minmay_hedge_maze,
          infiniplex_staircase_pool_2
Lair:4:   layout_cave_pods
Lair:5:   hangedman_lair_tendril_chambers, layout_hall_layers,
          minmay_slime_entry_pillars, lemuel_fruit_tree
Shoals:1: layout_shoals, nicolae_shoals_cliffside_cave
Shoals:2: layout_shoals, serial_shops, shop, nicolae_shoals_spectral_cove
Shoals:3: layout_shoals, serial_shops, bzr_entry_gold, uniq_mara
Shoals:4: shoals_end_grunt_ice, layout_shoals, serial_shops, shop
Snake:1:  layout_chambers, gammafunk_ghost_grave, minmay_shoptagon, uniq_aizul
Snake:2:  layout_basic, grunt_megastairs_3
Snake:3:  layout_basic, serial_shops, shop, serial_bayou_shore_a
Snake:4:  snake_pit_salamanders_mu, layout_cave_town, serial_shops,
          nicolae_shop_real_fake_doors, shop,
          serial_library_hellmonk_secret_room
Orc:1:    layout_diamond_mine, nicolae_shop_self_help
Orc:2:    st_orc_congregation, layout_diamond_mine, serial_shops,
          nicolae_shop_drivethru
Elf:1:    eino_elf_arrival_customs, layout_gridlike, minmay_elf_crystal_hexagon,
          minmay_elf_annihilation, grunt_megastairs_1
Elf:2:    elven_hall_of_blades_hangedman_alternative
          [nicolae_blade_little_rooms], layout_loops_corners, uniq_azrael
Elf:3:    minmay_elf_hall_x, layout_loops_corners,
          nicolae_elf_loose_elemental_storage, minmay_shop_star, uniq_nikola
Vaults:1: hangedman_vaults_nails, v_rooms_6, nicolae_vaults_apartment_2,
          layout_vaults_omnigrid
Vaults:2: vaults_room_door_hall, minmay_crypt_entry_simple_sparse,
          vaults_room_octagon, vaults_mumra_lcd, hangedman_vaults_slice,
          v_misc_28, nicolae_vaults_circle_grid_a, nicolae_vaults_wine_cellar,
          grunt_vaults_hallway_short, nicolae_vaults_three_branches,
          nicolae_vaults_yaktaur_gun_rack, st_cells, nicolae_vaults_tangram_2,
          nicolae_vaults_little_squares_6, layout_vaults_omnibox, serial_shops,
          shop, nicolae_shop_hallway_stairs, nicolae_shop_gaudy_bauble,
          uniq_norris
Vaults:3: nicolae_vaults_diagonal_hallway_6,
          nicolae_vaults_taking_the_gang_shopping, v_rooms_5, v_pattern_4,
          nicolae_vaults_little_squares_1, nicolae_vaults_little_squares_2,
          v_misc_31, nicolae_vaults_two_Ls, ontoclasm_vaults_hangar,
          nicolae_vaults_heart-shaped_vault, nicolae_vaults_double_plus_2,
          nicolae_vaults_more_shelving_2, nicolae_vaults_little_squares_6,
          nicolae_vaults_little_squares_1, layout_vaults_ring, serial_shops,
          shop
Vaults:4: nicolae_vaults_statue_guard, nicolae_vaults_offset_grid_hallway_4,
          v_misc_29, nicolae_vaults_cornered_office, nicolae_vaults_diamond_2,
          dpeg_vaults_monster_box, vaults_room_fancy_cross,
          nicolae_vaults_trapezoid_3, nicolae_vaults_heart-shaped_vault,
          nicolae_vaults_rhombus_6, ontoclasm_vaults_ligature,
          nicolae_vaults_heart-shaped_vault, layout_vaults_omnicross
Vaults:5: uniq_saint_roka
Crypt:1:  layout_regular_city, uniq_vv, uniq_josephina
Crypt:2:  layout_catacombs, hangedman_weighted_door,
          roderic_lattice_octagonal_star
Crypt:3:  evilmike_haunted_forest
Depths:1: layout_cave_pools, serial_shops, shop_fountains, hell_entry,
          pan_entry, fiery_altar_vehumet, nicolae_rock_paper_scissors,
          serial_bayou_shore_b
Depths:2: grunt_crosshair, layout_gridlike, minmay_misc_feat_x, abyss_entry,
          hell_entry, pan_entry, minivault_22, minmay_staircase_windowed_small
Depths:3: nicolae_legendary_halls, layout_cave_pools, enter_ziggurat_c,
          minmay_crystal_water, nicolae_abyss_entry_one_way_or_another,
          lightli_too_deep, columned_hall_lemuel, hallowed_hall
Depths:4: evilmike_zot_entry_argh, layout_cave_pools,
          grunt_hell_entry_dis_grunt, minmay_misc_feat_four_crosses
Zot:1:    kennysheep_bubbly, layout_misc_corridors, regret_index_zotdec_iron_s
Zot:2:    layout_onion, bh_zot_lava_cross
Zot:3:    gammafunk_its_a_trap, layout_cellular_growth
Zot:4:    gammafunk_the_bubble [the_bubble_gammafunk_crates],
          layout_misc_corridors
Zot:5:    layout_gridlike, ebering_ghost_xom

Skill      XL: |  1  2  3  4  5  6  7  8  9 10 11 12 13 14 15 16 17 18 19 20 21 22 23 24 25 26 27 |
---------------+----------------------------------------------------------------------------------+-----
Short Blades   | 3 4 5 7 8 10 11 12 13 14 | 14.0
Invocations    | 1 2 3 4 5 7 8 9 10 11 12 13 14 15 16 17 18 19 20 21 22 | 22.0
Fighting       | 3 4 5 6 7 8 9 10 11 12 13 14 15 16 17 18 20 21 | 21.5
Armour         | 2 3 4 5 6 7 8 10 12 14 15 16 17 19 20 21 25 | 25.4
Evocations     | 1 2 3 5 |  5.0
Dodging        | 2 4 6 7 8 9 10 11 12 13 14 15 | 15.1
Shields        | 2 4 6 9 12 13 14 15 16 17 18 19 20 | 20.0
Stealth        | 3 8 |  8.0

Action                     |  1- 3 |  4- 6 |  7- 9 | 10-12 | 13-15 | 16-18 | 19-21 | 22-24 | 25-27 || total
---------------------------+-------+-------+-------+-------+-------+-------+-------+-------+-------++-------
  Melee: Short sword       |   117 |   233 |    45 |   607 |       |       |       |       |       ||  1002
         Bite              |    30 |    75 |   130 |   495 |  1258 |  1395 |  1568 |  1601 |  1908 ||  8460
         Punch             |       |     1 |     4 |    26 |       |       |       |       |       ||    31
         Dagger            |       |       |   372 |     7 |       |       |       |       |       ||   379
         Quick blade       |       |       |       |   618 |  2780 |  3341 |  3698 |  2983 |  3163 || 16583
  Throw: Dart              |       |       |       |    23 |    20 |       |       |       |       ||    43
 Invoke: Berserk           |     1 |       |     7 |    10 |     5 |     4 |     3 |       |       ||    30
         Trog's Hand       |       |       |     1 |     2 |     6 |     2 |     7 |       |       ||    18
         Brothers in Arms  |       |       |       |     2 |       |     6 |       |       |       ||     8
         Renounce Religion |       |       |       |       |       |       |     1 |       |       ||     1
         Stomp             |       |       |       |       |       |       |     1 |     1 |     4 ||     6
         Grand Finale      |       |       |       |       |       |       |       |     2 |     6 ||     8
         Line Pass         |       |       |       |       |       |       |       |     9 |     1 ||    10
  Evoke: Wand              |       |     3 |     2 |     1 |     1 |     6 |    27 |    33 |     3 ||    76
         Tin of tremorston |       |       |       |       |     3 |       |       |     2 |       ||     5
    Use: Scroll            |       |     4 |     1 |     7 |    12 |     9 |    10 |     7 |    19 ||    69
         Potion            |       |     1 |     1 |     2 |     1 |     3 |     1 |       |    14 ||    23
   Stab: Paralysed         |       |     3 |     2 |     2 |       |       |   128 |   150 |   190 ||   475
         Invisible         |       |       |       |       |       |    13 |    13 |     2 |    11 ||    39
         Distracted        |       |       |       |       |       |     1 |       |       |       ||     1
         Confused          |       |       |       |       |       |       |       |    12 |     1 ||    13
 Armour: Leather armour    |    18 |       |       |       |       |       |       |       |       ||    18
         Animal skin       |     4 |       |       |       |       |       |       |       |       ||     4
         Chain mail        |    34 |   101 |   156 |       |       |       |       |       |       ||   291
         Scale mail        |       |       |    17 |   405 |   178 |       |       |       |       ||   600
         Crystal plate arm |       |       |       |       |   586 |   939 |   976 |   698 |   682 ||  3881
  Dodge: Dodged            |    49 |   102 |   216 |   473 |   349 |   392 |   331 |   296 |   353 ||  2561
  Block: Buckler           |       |       |       |    25 |   161 |       |       |       |       ||   186
         Tower shield      |       |       |       |       |   554 |   627 |  1198 |  1487 |  1215 ||  5081
         Reflection        |       |       |       |       |     3 |       |    74 |    68 |    39 ||   184
         Kite shield       |       |       |       |       |       |   529 |   278 |       |       ||   807
